 Dungeon Crawl Stone Soup version 0.27-a0-1084-g78b3836a5f (webtiles) character file.

Game seed: 11206692236296302

2798 robertstho the Thaumaturge (level 9, -28/58 HPs)
             Began as a Djinni Fire Elementalist on Apr 26, 2021.
             Annihilated by a two-headed ogre
             ... wielding a +0 giant club
              (35 damage)
             ... on level 7 of the Dungeon.
             The game lasted 00:12:40 (8199 turns).

robertstho the Thaumaturge (DjFE)                   Turns: 8199, Time: 00:12:40

Health: -28/58     AC:  4    Str: 13    XL:     9   Next: 71%
Gold:   317        EV: 15    Int: 19    God:
                   SH:  0    Dex: 21

rFire    + + .     SeeInvis .   v - +3 dire flail (venom)
rCold    . . .     Faith    .   (shield currently unavailable)
rNeg     . . .     Spirit   .   n - +2 robe {rC+}
rPois    ∞         Reflect  .   (no helmet)
rElec    .         Harm     .   (no cloak)
rCorr    .         Rampage  .   (no gloves)
Will     .....                  (boots unavailable)
Stlth    +++.......             (no amulet)
HPRegen  0.19/turn              b - +6 ring of strength
MPRegen  0.00/turn              t - +6 ring of dexterity

@: flying
A: fire resistance 2, cold vulnerability 1, float, innate caster, hp casting,
extra vitality 1
a: no special abilities


You were on level 7 of the Dungeon.
You visited 2 branches of the dungeon, and saw 8 of its levels.

You collected 317 gold pieces.

Inventory:

Hand Weapons
 d - a +0 short sword
 v - a +3 dire flail of venom (weapon)
Armour
 n - a +2 robe of cold resistance (worn)
Jewellery
 b - a +6 ring of strength (left hand)
 t - a +6 ring of dexterity (right hand)
Wands
 c - a wand of iceblast (8)
 u - a wand of polymorph (6)
Scrolls
 e - a scroll of enchant weapon {unknown}
 g - a scroll of blinking {unknown}
 h - 2 scrolls of fear {unknown}
 i - a scroll of holy word
 j - a scroll of immolation {unknown}
 l - a scroll of fog
 o - a scroll of enchant armour {unknown}
 q - 4 scrolls of amnesia {unknown}
 s - a scroll of silence {unknown}
Potions
 a - 2 potions of lignification
 f - 2 potions of degeneration
 k - a potion of mutation
 m - 4 potions of brilliance
 r - a potion of attraction


   Skills:
 + Level 2.1 Fighting
 + Level 0.6 Maces & Flails
 + Level 4.7 Dodging
 + Level 4.1 Stealth
 + Level 9.9 Spellcasting


You had 2 spell levels left.
You knew the following spells:

 Your Spells              Type           Power      Damage    Failure   Level
a - Foxfire               Conj/Fire      100%       2x1d9     1%          1
b - Conjure Flame         Conj/Fire      47%        6-21      1%          3
c - Inner Flame           Hex/Fire       47%        N/A       1%          3
d - Sticky Flame          Conj/Fire      47%        2d6       1%          4
e - Fireball              Conj/Fire      23%        3d11      3%          5
f - Apportation           Tloc           94%        N/A       1%          1
g - Corpse Rot            Necr/Air       N/A        N/A       1%          2
h - Blink                 Tloc           N/A        N/A       1%          2
i - Olgreb's Toxic Radia  Pois           47%        N/A       1%          4
Your spell library was empty.

Dungeon Overview and Level Annotations

Branches:
Dungeon (7/15)             Temple (1/1) D:6

Altars:
Cheibriados
Dithmenos
Fedhas
Okawaru
Qazlal
Ru
Sif Muna
Trog
Uskayaw
Vehumet
Wu Jian
Xom
Yredelemnul
Zin
The Shining One

Annotations:
D:4 3 runed translucent doors, leviel's ghost, amateur DsAK
D:6 1 runed translucent door, Shayle's ghost, amateur DsWr


Innate Abilities, Weirdness & Mutations

You are immune to poison.
Your flesh is very heat resistant. (rF++)
You are vulnerable to cold. (rC-)
You float through the air rather than walking.
You learn spells naturally, not from books.
Your magical power is your life essence.
You have superior vitality. (+4 HP)


Message History

Aiming: Fireball (dangerous; 4% risk of failure)
Press: ? - help, Shift-Dir - straight line, f - deep elf pyromancer
Aim: a deep elf pyromancer, wielding a +0 short sword (severely wounded)
The fireball explodes!
The fireball engulfs the deep elf pyromancer!!
You kill the deep elf pyromancer!
The fireball engulfs the two-headed ogre!!
The two-headed ogre is heavily wounded.
You hear a shout! x2; You hear a bark!
You hear a shout!
You hear a bark!
You hear a shout!
A hound comes into view.
Unknown command.
Casting: Fireball (dangerous; 3% risk of failure)
Confirm with . or Enter, or press ? or * to list all spells.
Aiming: Sticky Flame (dangerous; 1% risk of failure)
Press: ? - help, Shift-Dir - straight line, f - two-headed ogre
Aim: a two-headed ogre, wielding two +0 giant clubs (heavily wounded, 100% to hit)
The sticky flame hits the two-headed ogre.
The two-headed ogre is heavily wounded.
The two-headed ogre is covered in liquid flames!
The two-headed ogre burns!
The gnoll barely misses you.
The two-headed ogre hits you with a +0 giant club!!
* * * LOW HITPOINT WARNING * * *
The two-headed ogre misses you.
The two-headed ogre burns!
You feel better.
The two-headed ogre burns!
The centaur zombie barely misses you. The centaur zombie kicks you.
* * * LOW HITPOINT WARNING * * *
Okay, then.
As you read the scroll labelled QAUFUOSUTE, it crumbles to dust.
You hear a loud clanging noise!
It was a scroll of noise.
You hear a horrible gurgling sound!
You hear an angry hiss.
You hear a shout!
You hear an angry hiss.
You hear a shout! x2; You hear a bark!
You hear a shout! x5
The two-headed ogre burns!
The two-headed ogre stops burning.
The hound barely misses you.
The two-headed ogre hits you with a +0 giant club!!
Ouch! That really hurt!
You die...

##..## .... .
#....###.### .
#....#.....#.#
..###....#.....#.#..
.......#.......)...
#<.#..g)g#.
#..#.....#
....###O###
.....##...@.#
......##..#Z#h.#
.....##..##.#...#
.....#... ..#....#
##...#.. ...#...o#
... ......##...
.#....#...# .#.#
....#. .. ##.


You could see a two-headed ogre, a hound, a gnoll, an orc and a centaur zombie.

Vanquished Creatures
  A deep elf pyromancer (D:7)
  Prince Ribbit (D:6)
  Sigmund (D:4)
  Edmund (D:6)
  4 black bears
  An ice beast (D:6)
  A sky beast (D:5)
  3 ogres (D:6)
  A necrophage (D:5)
  3 centaurs
  2 scorpions (D:6)
  A water moccasin zombie (D:5)
  A water moccasin skeleton (D:6)
  A bullfrog zombie (D:5)
  2 hounds (D:5)
  A jelly (D:4)
  A centaur zombie (D:7)
  Jessica (D:3)
  5 iguanas
  A killer bee zombie (D:4)
  A hound skeleton (D:4)
  2 gnolls (D:7)
  9 adders
  3 white imps
  An ufetubus (D:6)
  A worm (D:5)
  4 dart slugs
  2 orcs
  7 ball pythons
  2 bats
  7 endoplasms
  5 giant cockroaches
  9 goblins
  6 hobgoblins
  26 jackals
  8 quokkas
  4 frilled lizards
  8 kobolds
  4 rats
142 creatures vanquished.

Vanquished Creatures (others)
  645 foxfires
645 creatures vanquished.

Grand Total: 787 creatures vanquished

Notes
Turn   | Place    | Note
-------+----------+-------------------------------------------
     0 | D:1      | robertstho the Djinni Fire Elementalist began the quest for
                  | the Orb.
     0 | D:1      | Reached XP level 1. HP: 15/15 MP: 0/0
   105 | D:1      | Reached skill level 3 in Spellcasting
   105 | D:1      | Reached XP level 2. HP: 8/21 MP: 0/0
  1013 | D:1      | Reached XP level 3. HP: 14/25 MP: 0/0
  1013 | D:1      | Learned a level 1 spell: Apportation
  2059 | D:2      | Reached XP level 4. HP: 27/31 MP: 0/0
  2249 | D:2      | Reached skill level 4 in Spellcasting
  2909 | D:3      | Found a sacrificial altar of Ru.
  3019 | D:3      | Noticed Jessica
  3025 | D:3      | Killed Jessica
  3137 | D:3      | Found a faded altar of an unknown god.
  3173 | D:3      | Reached XP level 5. HP: 20/35 MP: 0/0
  3173 | D:3      | Learned a level 2 spell: Corpse Rot
  3601 | D:3      | Found a glowing golden altar of the Shining One.
  4344 | D:4      | Reached skill level 5 in Spellcasting
  4344 | D:4      | Reached XP level 6. HP: 24/40 MP: 0/0
  4659 | D:4      | Found a runed translucent gate.
  4659 | D:4      | Found a runed translucent gate.
  4659 | D:4      | Found a runed translucent gate.
  4683 | D:4      | Noticed leviel's ghost (amateur DsAK)
  4771 | D:4      | Noticed Sigmund
  4784 | D:4      | Killed Sigmund
  4845 | D:4      | Found a shimmering altar of Xom.
  5028 | D:4      | Reached XP level 7. HP: 44/46 MP: 0/0
  5028 | D:4      | Learned a level 2 spell: Blink
  5270 | D:5      | Entered Level 5 of the Dungeon
  5387 | D:5      | Reached skill level 6 in Spellcasting
  5770 | D:5      | Reached skill level 1 in Fighting
  5780 | D:5      | Reached skill level 7 in Spellcasting
  5780 | D:5      | Reached XP level 8. HP: 21/52 MP: 0/0
  6261 | D:5      | Found a hide-covered altar of Uskayaw.
  6588 | D:6      | Found a staircase to the Ecumenical Temple.
  6623 | D:6      | Noticed Edmund
  6636 | D:6      | Killed Edmund
  6637 | D:6      | Reached skill level 8 in Spellcasting
  6819 | Temple   | Entered the Ecumenical Temple
  7108 | D:6      | Noticed Prince Ribbit
  7120 | D:6      | Killed Prince Ribbit
  7121 | D:6      | Reached XP level 9. HP: 36/58 MP: 0/0
  7121 | D:6      | Learned a level 4 spell: Olgreb's Toxic Radiance
  7489 | D:6      | Reached skill level 9 in Spellcasting
  7762 | D:6      | Found a runed translucent door.
  7762 | D:6      | Noticed Shayle's ghost (amateur DsWr)
  8185 | D:7      | Noticed a deep elf pyromancer
  8187 | D:7      | Noticed a two-headed ogre
  8195 | D:7      | Killed a deep elf pyromancer
  8199 | D:7      | Annihilated by a two-headed ogre

Illustrated notes

Levels and vault maps discovered:
D:1:      dpeg_arrival_long_road, layout_basic, minmay_misc_feat_hallway
D:2:      layout_loops_ring
D:3:      layout_basic, tso_metal_star, nicolae_ru_awakened_eye,
          hellmonk_ecumenical_altar_run_dry, kennysheep_jessica_study
D:4:      layout_rooms, overflow_temple_1_default, gammafunk_ghost_split,
          kennysheep_generic_room_12, uniq_sigmund
D:5:      layout_rooms, marbit_many_paths, grunt_ministairs_1
D:6:      layout_loops_corners, old_standard_altar, minmay_temple_entry_waves,
          gammafunk_ghost_grave, uniq_edmund, uniq_prince_ribbit1
D:7:      minmay_the_grid_octo_tiled_octocenter
          [minmay_the_grid_octo_concentric, minmay_the_grid_octo_focus,
          minmay_the_grid_octo_pinwheel, minmay_the_grid_octo_tetromino_candy,
          minmay_the_grid_octo_prize_big_c, minmay_the_grid_square_5x5_seven,
          minmay_the_grid_square_5x5_intrusive_squares,
          minmay_the_grid_square_5x5_lines, minmay_the_grid_square_5x5_empty],
          layout_cave_pools, jmf_multi_god_temple, lemuel_doored_altar,
          kennysheep_generic_room_7
Temple:   zaba_magenta_temple

Skill      XL: |  1  2  3  4  5  6  7  8  9 |
---------------+----------------------------+-----
Spellcasting   | 3 4 5 7 8 9 |  9.9
Stealth        | 2 3 4 |  4.1
Dodging        | 3 4 |  4.7
Fighting       | 1 2 |  2.1
Maces & Flails | |  0.6

Action                   |  1- 3 |  4- 6 |  7- 9 || total
-------------------------+-------+-------+-------++-------
Melee: Dire flail        |       |       |     3 ||     3
 Cast: Foxfire           |    88 |   146 |   174 ||   408
       Sticky Flame      |       |     1 |    11 ||    12
       Fireball          |       |       |     2 ||     2
  Use: Scroll            |       |     7 |     5 ||    12
       Potion            |       |       |     2 ||     2
 Stab: Sleeping          |       |       |     1 ||     1
Armor: Robe              |     3 |    11 |    12 ||    26
Dodge: Dodged            |    11 |    25 |    36 ||    72

Table legend: (Time is in decaauts)
 A = Elapsed time spent in this place.
 B = Non-inter-level travel time spent in this place.
 C = Inter-level travel time spent in this place.
 D = Time resting spent in this place.
 E = Time spent auto-exploring this place.
 F = Levels seen in this place.
 G = Mean time per level.
                   A        B        C        D        E       F      G
               +--------+--------+--------+--------+--------+-----+--------+
         Total |   8197 |   8005 |    192 |      0 |   7080 |   8 | 1024.6 |
       Dungeon |   7969 |   7797 |    172 |      0 |   6872 |   7 | 1138.4 |
        Temple |    227 |    208 |     19 |      0 |    208 |   1 |  227.0 |
               +--------+--------+--------+--------+--------+-----+--------+

Top non-repeatable levels by time:
     D:1: 1777 daAuts
     D:6: 1393 daAuts
     D:5: 1259 daAuts
     D:3: 1211 daAuts
     D:4: 1150 daAuts
     D:2: 1130 daAuts
  Temple: 227 daAuts
     D:7: 47 daAuts
